 Dungeon Crawl Stone Soup version 0.31-a0-848-gaac375c287 (webtiles) character file.

Game seed: 4556781089985805914

1 Kurtz the Sneak (level 1, -2/18 HPs)
             Began as a Mummy Delver on Oct 4, 2023.
             Slain by a bullfrog (8 damage)
             ... on level 4 of the Dungeon.
             The game lasted 00:00:14 (55 turns).

Kurtz the Sneak (Mummy Delver)                        Turns: 55, Time: 00:00:14

Health: -2/18      AC:  3    Str: 15    XL:     1   Next: 16%
Magic:  1/1        EV: 11    Int:  9    God:
Gold:   0          SH:  0    Dex: 13    Spells: 0/0 levels left

rFire   x . .        a - +0 mace
rCold   + . .        (no shield)
rNeg    + + +        b - +0 leather armour
rPois   ∞            (no helmet)
rElec   .            (no cloak)
rCorr   .            (no gloves)
SInv    .            (no boots)
Will    .....        (no amulet)
Stlth   ++           (no ring)
HPRegen 0.23/turn    (no ring)
MPRegen 0.07/turn

%: faith
@: no status effects
A: cold resistance 1, negative energy resistance 3, torment resistance 2, heat
vulnerability 1, in touch with death 1, no potions, faith
a: no special abilities


You were on level 4 of the Dungeon.
You visited 1 branch of the dungeon, and saw 2 of its levels.

Inventory:

Hand Weapons
 a - a +0 mace (weapon)
Armour
 b - a +0 leather armour (worn)
Wands
 f - a wand of digging (3)
Scrolls
 c - a scroll of fog
 d - a scroll of revelation
 e - a scroll of fear


   Skills:
 - Level 3.0 Fighting
 * Level 1.7 Maces & Flails
 - Level 1.5 Dodging
 - Level 4.1 Stealth


You couldn't memorise any spells.
You didn't know any spells.
Your spell library was empty.

Dungeon Overview and Level Annotations

Branches:
Dungeon (5/15)
 Temple: D:4-7

Altars:


Innate Abilities, Weirdness & Mutations

You are immune to poison.
Your flesh is cold resistant. (rC+)
You are immune to negative energy. (rN+++)
You are immune to unholy pain and torment.
You are vulnerable to heat. (rF-)
You are in touch with the powers of death.
You do not drink.
You have a special connection with the divine. (Faith)


Message History

There is a stone staircase leading up here.
You climb upwards.
The goblin shouts!
The orc wizard shouts!
The orc shouts!
You hear a shout! x2
Found a scroll labelled JIEKIO XERPHIG, a short sword and a falchion.
Found a stone staircase leading down.
There is a stone staircase leading down here.
The goblin hits you with a +0 dagger.
The orc wizard casts a spell.
The orc wizard flickers and vanishes!
Deactivating autopickup; reactivate with Ctrl-A.
An orc comes into view. It is wielding a +0 mace.
There is a stone staircase leading down here.
The goblin barely misses you.
You climb downwards.
Reactivating autopickup.
Found a robe and a ruby potion.
Found a stone staircase leading up.
There is a stone staircase leading up here.
You barely miss the goblin. The goblin hits you with a +0 dagger.
You closely miss the goblin. The goblin hits you but does no damage.
You hit the goblin.
You kill the goblin!
You see here a +0 dagger.
There is a stone staircase leading up here.
There is a stone staircase leading up here.
You start resting.
HP restored.
You climb upwards.
There is a stone staircase leading down here.
Found 8 gold pieces.
The bullfrog hits you! The bullfrog hits you.
You closely miss the bullfrog. The bullfrog barely misses you.
The bullfrog hits you.
* * * LOW HITPOINT WARNING * * *
You sock the bullfrog!
The bullfrog is moderately wounded.
The bullfrog closely misses you.
You sock the bullfrog!
The bullfrog is severely wounded.
The bullfrog hits you!
You die...

####......#
###....... .
.........#.#
f........#.#
...........#
#.>..# #....#
##.### #@#
#.....F....#
#..........#
#..........#
#..........#
....$.......#
##..........#
#..........#


You could see a bullfrog.

Vanquished Creatures
  A goblin (D:5)
1 creature vanquished.

Notes
Turn   | Place    | Note
-------+----------+-------------------------------------------
     0 | D:5      | Kurtz the Mummy Delver began the quest for the Orb.
     0 | D:5      | Reached XP level 1. HP: 18/18 MP: 1/1
    23 | D:4      | Noticed an orc wizard
    49 | D:4      | Noticed a bullfrog
    49 | D:4      | Noticed a sleepcap
    49 | D:4      | Noticed an iguana
    55 | D:4      | Slain by a bullfrog

Illustrated notes

Levels and vault maps discovered:
D:4:      layout_rooms, nicolae_gozag_seed_capital,
          mainiacjoe_overflow_boulevard, nemelex_spade_bored_becter,
          minmay_temple_entry_butterflies
D:5:      layout_gridville, grunt_ministairs_11, uniq_eustachio

Action                     || total
---------------------------++-------
  Melee: Mace              ||     6
 Armour: Leather armour    ||     8
  Dodge: Dodged            ||     7

Table legend: (Time is in decaauts)
 A = Elapsed time spent in this place.
 B = Non-inter-level travel time spent in this place.
 C = Inter-level travel time spent in this place.
 D = Time resting spent in this place.
 E = Time spent auto-exploring this place.
 F = Levels seen in this place.
 G = Mean time per level.
                   A        B        C        D        E       F      G
               +--------+--------+--------+--------+--------+-----+--------+
         Total |     56 |     56 |      0 |      6 |      9 |   2 |   28.0 |
       Dungeon |     56 |     56 |      0 |      6 |      9 |   2 |   28.0 |
               +--------+--------+--------+--------+--------+-----+--------+

Top non-repeatable levels by time:
     D:5: 42 daAuts
     D:4: 13 daAuts
